 Dungeon Crawl Stone Soup version 0.19.5 (webtiles) character file.

98 Monsterracer the Cudgeler (level 4, -1/44 HPs)
             Began as an Ogre Hunter on June 28, 2017.
             Slain by a gnoll
             ... wielding a cursed -3 club
              (8 damage)
             ... on level 2 of the Dungeon.
             The game lasted 00:04:44 (1311 turns).

Monsterracer the Cudgeler (Ogre Hunter)             Turns: 1311, Time: 00:04:45

Health: -1/44      AC:  3    Str: 17    XL:     4   Next: 69%
Magic:  13/13      EV: 10    Int: 10    God:
Gold:   71         SH:  0    Dex: 11    Spells: 0 memorised, 3 levels left

rFire  . . .     SeeInvis .     n - +0 flail
rCold  . . .     Gourm    .     b - +0 robe
rNeg   . . .     Faith    .     (no shield)
rPois  .         Spirit   .     (helmet restricted)
rElec  .         Reflect  .     (no cloak)
rCorr  .         Harm     .     (gloves unavailable)
MR     .....                    (boots unavailable)
Stlth  +.........               (no amulet)
                                (no ring)
                                e - ring of magical power

@: no status effects
A: unfitting armour, tough skin 1
a: no special abilities


You were on level 2 of the Dungeon.
You were not hungry.

You visited 1 branch of the dungeon, and saw 2 of its levels.

You collected 71 gold pieces.

Inventory:

Hand Weapons
 n - a +0 flail (weapon)
Missiles
 c - 4 large rocks
 d - 2 throwing nets
 h - 44 stones (quivered)
Armour
 b - a +0 robe (worn)
Jewellery
 e - a ring of magical power (left hand)
Scrolls
 a - a scroll of noise {unknown}
 j - a scroll of remove curse {unknown}
 k - 2 scrolls of fog {unknown}
 l - 2 scrolls of amnesia {unknown}
Comestibles
 f - 5 bread rations
 g - 2 meat rations
 i - a beef jerky


   Skills:
 - Level 2.6 Fighting
 + Level 5.5 Maces & Flails
 - Level 4.0 Throwing
 - Level 1.7 Dodging
 - Level 0.6 Stealth


You had 3 spell levels left.
You didn't know any spells.

Dungeon Overview and Level Annotations

Branches:
Dungeon (2/15)

Altars:


Innate Abilities, Weirdness & Mutations

You are too large for most types of armour.
You have tough skin. (AC +1)


Message History

You thump the gnoll!
The gnoll is heavily wounded.
The gnoll barely misses you.
You barely miss the gnoll.
The gnoll is heavily wounded.
The gnoll hits you with a flail.
* * * LOW HITPOINT WARNING * * *
Huge Dmg: -9%(-4hp) hp: 19%(8hp)
You sock the gnoll!
You kill the gnoll!
The gnoll hits you with a club.
* * * LOW HITPOINT WARNING * * *
Huge Dmg: -5%(-2hp) hp: 14%(6hp) Fire/throw which item? (* to show all) (? for menu, Esc to quit)
Press: ? - help, Shift-Dir - straight line, f/p - gnoll
Aim: a gnoll, wielding a club (moderately wounded)
You throw a large rock. The large rock hits the gnoll.
The gnoll is heavily wounded.
The gnoll hits you with a club!
You die...

#.# #.......#.#.##..
#.######.......#..>....
#.##...#.......#......#
#......###########.##..
####...# #.##.# ##.##
.##.##.# #.#
####.........
#.###.(.....#####.#
#.@g.....# #.#
#####(##.# #.. # #.#
#.# #.# #.


You could see a gnoll.

Vanquished Creatures
  5 gnolls (D:2)
  An adder (D:2)
  A worm (D:2)
  2 leopard geckos (D:1)
  2 giant cockroaches (D:1)
  4 hobgoblins
  2 jackals (D:1)
  4 kobolds
  A quokka (D:2)
  3 bats (D:1)
  3 frilled lizards
  6 goblins
  2 rats (D:1)
36 creatures vanquished.

Notes
Turn   | Place    | Note
-------+----------+-------------------------------------------
     0 | D:1      | Monsterracer the Ogre Hunter began the quest for the Orb.
     0 | D:1      | Reached XP level 1. HP: 22/22 MP: 1/1
    64 | D:1      | Reached skill level 1 in Maces & Flails
   191 | D:1      | Reached skill level 2 in Maces & Flails
   191 | D:1      | Reached XP level 2. HP: 17/29 MP: 2/2
   446 | D:1      | Reached skill level 3 in Maces & Flails
   582 | D:1      | You fall through a shaft!
   599 | D:2      | Reached XP level 3. HP: 35/36 MP: 3/3
   942 | D:2      | Reached skill level 4 in Maces & Flails
   948 | D:2      | Reached XP level 4. HP: 31/44 MP: 4/4
  1226 | D:2      | Reached skill level 5 in Maces & Flails
  1311 | D:2      | Slain by a gnoll

Skill      XL: |  1  2  3  4 |
---------------+-------------+-----
Maces & Flails | 2 3 4 5 |  5.5
Fighting       | |  2.6
Throwing       | |  4.0
Dodging        | |  1.7
Stealth        | |  0.6

Action                   |  1- 3 |  4- 6 || total
-------------------------+-------+-------++-------
Melee: Whip              |    58 |       ||    58
       Mace              |    23 |       ||    23
       Flail             |       |    29 ||    29
Throw: Stone             |     3 |     8 ||    11
       Large rock        |     1 |     1 ||     2
  Use: Potion            |       |     1 ||     1
 Stab: Sleeping          |     2 |     1 ||     3
  Eat: Chunk             |       |     1 ||     1
Armor: Robe              |    29 |     2 ||    31
Dodge: Dodged            |    44 |    17 ||    61
